 Dungeon Crawl Stone Soup version 0.32-a0-132-g2d33c3cfaf (webtiles) character file.

Game seed: 13153845554220917278

2 CougarLife the Digger (level 1, 13/13 HPs)
             Began as a Gnoll Earth Elementalist on Feb 9, 2024.
             Got out of the dungeon alive.
             The game lasted 00:00:10 (84 turns).

CougarLife the Digger (Gnoll Earth Elementalist)      Turns: 84, Time: 00:00:10

Health: 13/13      AC:  2    Str:  7    XL:     1   Next: 40%
Magic:  6/6        EV: 13    Int: 14    God:
Gold:   4          SH:  0    Dex: 12    Spells: 8/9 levels left

rFire   . . .        (no weapon)
rCold   . . .        (no shield)
rNeg    . . .        a - +0 robe
rPois   .            (no helmet)
rElec   .            (no cloak)
rCorr   .            (no gloves)
SInv    .            (no boots)
Will    .....        (no amulet)
Stlth   ++           (no ring)
HPRegen 0.22/turn    (no ring)
MPRegen 0.10/turn

%: no passive effects
@: no status effects
A: fangs 1, strong nose, distributed training
a: no special abilities


You escaped.
You visited 1 branch of the dungeon, and saw 1 of its levels.

You collected 4 gold pieces.

Inventory:

Armour
 a - a +0 robe (worn)
Scrolls
 c - a scroll of poison {unknown}
 d - a scroll of revelation {unknown}
Potions
 b - a potion of magic


   Skills:
 + Level 0.0 Fighting
 + Level 0.0 Short Blades
 + Level 0.0 Long Blades
 + Level 0.0 Axes
 + Level 0.0 Maces & Flails
 + Level 0.0 Polearms
 + Level 0.0 Staves
 + Level 0.0 Ranged Weapons
 + Level 0.0 Throwing
 + Level 0.0 Armour
 + Level 4.4 Dodging
 + Level 4.0 Stealth
 + Level 0.0 Shields
 + Level 0.0 Unarmed Combat
 + Level 4.8 Spellcasting
 + Level 1.9 Conjurations
 + Level 0.0 Hexes
 + Level 0.0 Summonings
 + Level 0.0 Necromancy
 + Level 0.0 Translocations
 + Level 0.0 Fire Magic
 + Level 0.0 Ice Magic
 + Level 0.0 Air Magic
 + Level 5.3 Earth Magic
 + Level 0.0 Alchemy
 + Level 0.1 Invocations
 + Level 0.0 Evocations
 + Level 0.0 Shapeshifting


You had 8 spell levels left.
You knew the following spells:

 Your Spells              Type           Power      Damage    Failure   Level
a - Sandblast             Erth           36%        2d10      1%          1

Your spell library contained the following spells:

 Spells                   Type           Power      Damage    Failure   Level
 Passwall                 Erth           18%        N/A       6%          3
 Stone Arrow              Conj/Erth      26%        3d8       12%         3
 Brom's Barrelling Bould  Conj/Erth      13%        2d4       36%         4
 Petrify                  Alch/Erth      10%        N/A       50%         4


Dungeon Overview and Level Annotations

Branches:
Dungeon (1/15)

Altars:

Shops:
D:1 =


Innate Abilities, Weirdness & Mutations

You have very sharp teeth.
Your uncanny sense of smell can sniff out nearby items.
Your experience applies equally to all skills.


Message History

Welcome, CougarLife the Gnoll Earth Elementalist.
If you return without finding the Orb of Zot, so far below, it's all over!
Press ? for a list of commands and other information.
Found three items.
Found a staircase leading out of the dungeon.
c - a scroll labelled FOTHRO NACLO
d - a scroll labelled KOQONY KENEAS A frilled lizard comes into view.
A frilled lizard is nearby!
The blast of sand hits the frilled lizard!
You kill the frilled lizard!
Magic restored.
A rat comes into view.
A rat is nearby!
A rat is nearby!
Found 4 gold pieces.
The blast of sand hits the rat!
You kill the rat!
A goblin comes into view. It is wielding a +0 club.
A goblin is nearby!
A goblin is nearby!
You see here a rat corpse.
The blast of sand hits the goblin!
You kill the goblin!
You now have 4 gold pieces.
Found Umuucuic's Jewellery Shoppe.
You see here a +0 club.
There is an entrance to Umuucuic's Jewellery Shoppe here.
You see here a rat corpse.
There is a staircase leading out of the dungeon here.
You have escaped!

....# ## # ....# ###...
#....... .#.... ##..#
..# ......
#...###.###......
#....##..........
#...............
#..##...........
###..#....@.....#
##............)..# #
#..###.............
######.##...##..........
##........#..##.######..
.†.###.#####...... .
.### ..# ....... ## .##
........ # #. ........


There were no monsters in sight!

Vanquished Creatures
  A goblin (D:1)
  A frilled lizard (D:1)
  A rat (D:1)
3 creatures vanquished.

Notes
Turn   | Place    | Note
-------+----------+-------------------------------------------
     0 | D:1      | CougarLife the Gnoll Earth Elementalist began the quest for
                  | the Orb.
     0 | D:1      | Reached XP level 1. HP: 13/13 MP: 6/6
    58 | D:1      | Found Umuucuic's Jewellery Shoppe.
    84 | D:$      | Got out of the dungeon alive.

Illustrated notes

Levels and vault maps discovered:
D:1:      dpeg_arrival_orchard, layout_rooms, serial_shops,
          nicolae_shop_pleasant_corner_grove

Action                     || total
---------------------------++-------
   Cast: Sandblast         ||     3

Table legend: (Time is in decaauts)
 A = Elapsed time spent in this place.
 B = Non-inter-level travel time spent in this place.
 C = Inter-level travel time spent in this place.
 D = Time resting spent in this place.
 E = Time spent auto-exploring this place.
 F = Levels seen in this place.
 G = Mean time per level.
                   A        B        C        D        E       F      G
               +--------+--------+--------+--------+--------+-----+--------+
         Total |     85 |     64 |     21 |      0 |     48 |   1 |   85.0 |
       Dungeon |     85 |     64 |     21 |      0 |     48 |   1 |   85.0 |
               +--------+--------+--------+--------+--------+-----+--------+

Top non-repeatable levels by time:
     D:1: 85 daAuts
